Map: Automaton LE

Players

Lambo - Winner!

  • Race: Zerg Zerg
  • League: Grandmaster
  • Spawn Location: 9:00

Denver

  • Race: Zerg Zerg
  • League: Grandmaster
  • Spawn Location: 3:00

VOD

Have the link to the VOD?

Description

Time

  • Played on: Dec. 16, 2018, 10:50 a.m.
  • Length: 5:56
Show
View Real Time Build Order
Export as new Build Order

Lambo Zerg - Winner!

Build Orders: Hatch First 

Get SALT Encoding   

  12  0:00  Drone  
  13  0:12  Overlord  
  13  0:17  Drone  
  14  0:31  Drone x2  
  16  0:49  Hatchery  
  15  0:52  Drone  
  15  0:56  Drone  
  17  0:59  Drone  
  18  1:10  Extractor  
  17  1:15  Spawning Pool  
  17  1:18  Drone  
  17  1:21  Drone  
  18  1:28  Drone  
  19  1:39  Drone  
  20  1:53  Overlord  
  20  2:01  Queen x2  
  20  2:06  Drone  
  20  2:07  Drone  
  26  2:10  Metabolic Boost  
  26  2:12  Drone  
  26  2:14  Drone  
  28  2:23  Zergling x2  
  28  2:24  Zergling x2  
  30  2:32  Drone  
  31  2:43  Hatchery  
  30  2:46  Drone  
  30  2:47  Drone x2  
  33  2:58  Roach Warren  
  33  3:00  Overlord  
  32  3:09  Drone  
  32  3:10  Zergling x4  
  35  3:13  Overlord  
  35  3:16  Zergling x2  
  36  3:40  Roach x6  
  48  3:43  Roach x2  
  52  3:50  Overlord  
  52  3:57  Baneling Nest  
  51  4:05  Roach, Overlord  
  52  4:18  Overlord  
  52  4:20  Zergling x10  
  57  4:24  Zergling x6  
  57  4:25  Zergling x2  
  57  4:30  Zergling x6  
  64  4:34  Overlord  
  64  4:38  Zergling x2  
  65  4:42  Baneling x4  
  65  4:44  Zergling x2  
  66  4:55  Baneling  
  66  4:59  Zergling x2  
  70  5:00  Zergling x12  
  73  5:10  Zergling x8  
  73  5:18  Zergling x6  
  73  5:21  Zergling x4  
  72  5:27  Zergling x4  
  71  5:28  Zergling x2  
  71  5:30  Zergling x2  
  71  5:32  Ravager  
  71  5:33  Zergling x2  
  71  5:41  Ravager  
Show
View Real Time Build Order
Export as new Build Order

Denver Zerg 

Build Orders: Hatch First 

Get SALT Encoding   

  12  0:00  Drone  
  13  0:13  Overlord  
  13  0:17  Drone  
  14  0:31  Drone x2  
  16  0:50  Hatchery  
  16  0:53  Drone  
  16  0:56  Drone  
  17  0:59  Drone  
  18  1:10  Extractor  
  17  1:15  Spawning Pool  
  16  1:18  Drone  
  16  1:21  Drone  
  18  1:29  Drone  
  20  1:40  Drone  
  20  1:51  Drone  
  21  2:02  Queen  
  21  2:03  Queen  
  21  2:04  Zergling x4  
  27  2:10  Metabolic Boost  
  27  2:12  Overlord  
  27  2:15  Drone  
  28  2:33  Hatchery  
  28  2:35  Drone  
  28  2:38  Drone  
  28  2:42  Drone x2  
  31  2:46  Drone  
  31  2:50  Overlord  
  32  2:59  Drone  
  32  3:00  Drone  
  32  3:04  Baneling Nest  
  33  3:07  Queen  
  33  3:10  Drone  
  33  3:11  Drone  
  37  3:16  Drone x2  
  37  3:18  Drone  
  40  3:24  Zergling x6  
  42  3:28  Drone  
  44  3:34  Overlord, Drone  
  44  3:39  Evolution Chamber  
  43  3:48  Drone  
  43  3:49  Drone x5  
  43  3:54  Extractor  
  43  3:55  Baneling  
  48  4:00  Drone x3  
  51  4:05  Roach Warren  
  50  4:14  Drone x3  
  52  4:17  Drone x3  
  52  4:22  Overlord  
  55  4:24  Overlord  
  55  4:29  Zergling x4  
  55  4:31  Overlord  
  57  4:34  Overlord  
  57  4:39  Spine Crawler x2  
  57  4:45  Roach x4  
  63  4:46  Roach  
  63  4:48  Roach  
  63  4:51  Roach  
  69  4:54  Roach  
  69  4:57  Roach x2  
  69  4:58  Zergling x2  
  69  4:59  Extractor  
  74  5:01  Roach  
  76  5:09  Roach  
  76  5:10  Roach, Zergling x4  
  75  5:17  Zergling x10  
  75  5:18  Zergling x2  
  68  5:28  Zergling x8  
  68  5:34  Roach  
Tags
 
Add a new tag
Caveats
  • Supply blocks, unpowered buildings, or Contaminate may cause inaccurate times.
  • Supply counts are checked every 10 seconds.